 Dungeon Crawl Stone Soup version 0.20-a0-1018-ge435b50 (webtiles) character file.

68 Multipenetrator the Covered (level 4, 20/37 HPs)
             Began as a Barachi Fighter on Apr 17, 2017.
             Was an Initiate of Gozag.
             Got out of the dungeon alive.
             The game lasted 00:06:28 (812 turns).

Multipenetrator the Covered (Barachi Fighter)        Turns: 812, Time: 00:06:29

Health: 20/37      AC:  7    Str: 17    XL:     4   Next: 19%
Magic:  13/13      EV:  7    Int:  9    God:    Gozag
Gold:   59         SH:  9    Dex: 12    Spells: 3/3 levels left

rFire    . . .     SeeInvis .   a - +0 long sword
rCold    . . .     Gourm    .   c - +0 shield
rNeg     . . .     Faith    .   b - +0 scale mail
rPois    .         Spirit   .   (no helmet)
rElec    .         Reflect  .   (no cloak)
rCorr    .         Harm     .   (no gloves)
MR       .....                  (no boots)
Stlth    ..........             k - amulet of rage (curse)
Regen    0.2/turn               h - ring of wizardry
MPRegen  0.2/turn               n - ring of magical power

@: slow
A: +LOS, swims, slowness 1, strong legs 1
a: Hop, Potion Petition, Call Merchant, Bribe Branch, Renounce Religion, Evoke
Berserk Rage


You escaped.
You worshipped Gozag.
Gozag was noncommittal.
You were not hungry.

You visited 1 branch of the dungeon, and saw 3 of its levels.

You collected 84 gold pieces.
You paid 25 gold pieces to Gozag.

Inventory:

Hand Weapons
 a - a +0 long sword (weapon)
Armour
 b - a +0 scale mail (worn)
 c - a +0 shield (worn)
Jewellery
 h - a ring of wizardry (left hand)
 k - a cursed amulet of rage (around neck)
 n - a ring of magical power (right hand)
Wands
 g - a wand of disintegration (15/24)
Scrolls
 e - 5 scrolls of identify {unknown}
 i - a scroll of teleportation {unknown}
 j - a scroll of random uselessness {unknown}
 m - a scroll of enchant weapon {unknown}
Potions
 d - 2 potions of might
 l - a potion of lignification {unknown}
 o - a potion of agility {unknown}
 p - a potion of flight {unknown}
Comestibles
 f - a bread ration


   Skills:
 + Level 4.1 Fighting
 + Level 3.7 Long Blades
 + Level 4.1 Armour
 + Level 0.9 Dodging
 + Level 0.2 Stealth
 + Level 3.7 Shields


You had 3 spell levels left.
You didn't know any spells.

Dungeon Overview and Level Annotations

Branches:
Dungeon (3/15)

Altars:
Gozag

Shops:
D:2 *


Innate Abilities, Weirdness & Mutations

Shadows flee at your approach. (+LOS)
You can swim through water.
You cover ground slowly.
You can hop short distances.


Message History

A goblin comes into view. It is wielding a club.
The goblin moves out of view.
A hobgoblin comes into view. It is wielding a club.
You open the door.
The draconian roars!
The draconian roars!
There is an open door here.
The felid hisses angrily.
The orc shouts!
The vine stalker shouts!
The spriggan shouts!
You slash the goblin!
You kill the goblin!
You now have 59 gold pieces (gained 7).
You see here a club.
The naga shouts!
The minotaur bellows!
The minotaur bellows!
There is a staircase leading out of the dungeon here.
Are you sure you want to leave the Dungeon?
This will make you lose the game!
You have escaped!

###########
#H#H#N#^#^#####
############^#^##
##.........)#####V
#@...........)..##
##......#######...
########^#n#^####
#N#^#n#######^#i
####### ####


You could see a minotaur and a naga.

Vanquished Creatures
  4 gnolls (D:3)
  An orc (D:3)
  3 giant cockroaches (D:2)
  4 goblins
  3 hobgoblins
  3 jackals (D:2)
  A quokka (D:2)
  A ball python (D:3)
  A frilled lizard (D:2)
  4 kobolds (D:2)
  4 rats
29 creatures vanquished.

Notes
Turn   | Place    | Note
-------+----------+-------------------------------------------
     0 | D:1      | Multipenetrator the Barachi Fighter began the quest for the Orb.
     0 | D:1      | Reached XP level 1. HP: 18/18 MP: 1/1
     0 | D:1      | Noticed a minotaur
     0 | D:1      | Noticed a naga
     1 | D:1      | Noticed a minotaur
     3 | D:1      | Noticed a naga
     3 | D:1      | Noticed a ghoul
    15 | D:1      | Noticed a ghoul
    21 | D:1      | Noticed a vampire
    21 | D:1      | Noticed a spriggan
    22 | D:1      | Noticed a vampire
    24 | D:1      | Noticed a vine stalker
    26 | D:1      | Noticed a felid
    26 | D:1      | Noticed a draconian
    27 | D:1      | Noticed a draconian
   143 | D:2      | Found an opulent altar of Gozag.
   146 | D:2      | Found Gozag's Platinum Reserve.
   203 | D:2      | Reached XP level 2. HP: 24/25 MP: 2/2
   659 | D:2      | Became a worshipper of Gozag Ym Sagoz the Greedy
   693 | D:3      | Reached XP level 3. HP: 30/30 MP: 3/3
   711 | D:3      | Reached XP level 4. HP: 10/37 MP: 4/4
   812 | D:$      | Got out of the dungeon alive.

Vault maps used:
D:1:      shiori_arrival_whats_in_store_for_you, corexii_hall_statues_s
D:2:      cheibrodos_helix_gallery, nicolae_gozag_zags_fifth_avenue
D:3:      cheibrodos_fertilizer, uniq_sigmund

Skill      XL: |  1  2  3 |
---------------+----------+-----
Armour         | 4 |  4.1
Long Blades    | 3 |  3.7
Fighting       | 4 |  4.1
Dodging        | |  0.9
Stealth        | |  0.2
Shields        | |  3.7

Action                   |  1- 3 |  4- 6 || total
-------------------------+-------+-------++-------
Melee: Long sword        |    72 |     3 ||    75
Invok: Potion Petition   |     1 |       ||     1
Armor: Scale mail        |    28 |     1 ||    29
Dodge: Dodged            |    21 |       ||    21
Block: Shield            |    46 |     1 ||    47
       Rpst.: Long sword |     7 |       ||     7
